cohdb
Replays
Latest Replays
All Replays
Popular Replays
Top Player Replays
Match Explorer
How It Works
Community
CoH3 Stats
Reddit
Sign in to upload your games and track your stats! →
Sign in with Steam
Match 46759126
Unlisted
Match 46759126
Overview
Messages
Build Orders
End
Construct Infanterie Kompanie
Pioneer Squad
MG 42 Machine Gun Team
Grenadier Squad
Grenadier Squad
MG 42 Bunker
Selects Breakthrough Battlegroup
Selects Breakthrough Battlegroup
Selects Rapid Production
Construct Luftwaffe Kompanie
Flak 30 Anti-aircraft Gun Team
Support Elements
Medical Station
Luftwaffe Officer Quarters
GrW 34 Mortar Team
Wirbelwind Flakpanzer
Jäger Squad
Wirbelwind Flakpanzer
Side Skirts
Selects Blitzkrieg
Jäger Squad
Wirbelwind Flakpanzer
Repair Bunker
Jäger Squad
Selects Tiger Heavy Tank
Tiger Heavy Tank
Jäger Squad
Selects Assault Grenadiers
Selects Smoke Bombing Run
Selects Incendiary Bombing Run
Incendiary Bombing Run
Wirbelwind Flakpanzer
Jäger Squad
波菜
Gabriel_xiao
Hi,Hitler!
铱星
ANJISUAN
Speedbird
TESTAMENT
Papi micky
0
0
Comments
sign in to comment!
No comments posted yet!